 Dungeon Crawl Stone Soup version 0.31-a0-1071-gaead2f62b1 (webtiles) character file.

Game seed: 11670002629959768657

4 strifetoe the Changeling (level 1, -2/15 HPs)
             Began as a Merfolk Shapeshifter on Nov 26, 2023.
             Slain by a quokka (3 damage)
             ... on level 1 of the Dungeon.
             The game lasted 00:00:17 (318 turns).

strifetoe the Changeling (Merfolk Shapeshifter)      Turns: 318, Time: 00:00:17

Health: -2/15      AC:  2    Str: 14    XL:     1   Next: 60%
Magic:  1/1        EV: 12    Int:  9    God:
Gold:   0          SH:  0    Dex: 13    Spells: 0/0 levels left

rFire   . .          .
                       - Unarmed
rCold   . . .        (no shield)
rNeg    . . .        a - +0 animal skin
rPois   .            (helmet currently unavailable)
rElec   .            (cloak currently unavailable)
rCorr   .            (gloves currently unavailable)
SInv    .            (boots currently unavailable)
Will    .....        (no amulet)
Stlth   +            (no ring)
HPRegen 0.22/turn    (no ring)
MPRegen 0.07/turn

%: no passive effects
@: beast-form
A: beast (slay +2), (nimble swimmer 2), mertail
a: Begin Untransformation


You were on level 1 of the Dungeon.
You were a hulking beast.
You visited 1 branch of the dungeon, and saw 1 of its levels.

Inventory:

Armour
 a - a +0 animal skin (worn)
 h - a +0 cloak
Jewellery
 i - a ring of willpower
Talismans
 c - a beast talisman
 d - a flux talisman
Scrolls
 f - a scroll of identify {unknown}
Potions
 b - a potion of lignification
 e - a potion of curing {unknown}
 g - 2 potions of berserk rage {unknown}


   Skills:
 - Level 1.1 Fighting
 - Level 2.6 Dodging
 + Level 3.6 Unarmed Combat
 - Level 4.0 Shapeshifting


You couldn't memorise any spells.
You didn't know any spells.
Your spell library was empty.

Dungeon Overview and Level Annotations

Branches:
Dungeon (1/15)

Altars:


Innate Abilities, Weirdness & Mutations

You are a hulking beast.
Your limbs bulge with bestial killing power. (Slay +2)
((You are very nimble when in or above water. (Stealth+, EV+, Speed+++)))
Your lower body shifts to a powerful aquatic tail in water.


Message History

The hobgoblin shouts!
The ball python hisses angrily.
You hit the jackal.
The jackal is almost dead.
You hear a bark!
The jackal closely misses you.
A quokka comes into view.
You closely miss the jackal.
The jackal is almost dead.
The jackal barely misses you.
A jackal comes into view.
The jackal bites you but does no damage.
You closely miss the jackal.
The jackal barks!
Your punch misses the jackal.
The jackal is almost dead.
The jackal bites you but does no damage.
A jackal comes into view.
The jackal bites you. The jackal barely misses you. The jackal bites you.
A jackal comes into view.
The jackal barely misses you.
The jackal barks!
A kobold comes into view. It is wielding a +0 club.
The jackal attacks as it pursues you! The jackal closely misses you.
The jackal bites you. x2
The jackal attacks as it pursues you! The jackal closely misses you.
The jackal bites you but does no damage.
The jackal completely misses you. The quokka attacks as it pursues you!
The quokka closely misses you. The jackal attacks as it pursues you!
The jackal closely misses you. The quokka attacks as it pursues you!
The quokka closely misses you. The jackal attacks as it pursues you!
The jackal closely misses you. The quokka attacks as it pursues you!
The quokka closely misses you. The jackal misses you.
The quokka attacks as it pursues you! The quokka bites you.
The jackal attacks as it pursues you! The jackal barely misses you.
The quokka attacks as it pursues you! The quokka bites you.
* * * LOW HITPOINT WARNING * * *
The quokka bites you.
You die...

#...........
#...........
#........... #....†....#
#############.......#..#
..........h.#.......#
........h...#.......#.
........rhhSh.........#
#######h###.g........##
#.# #............ #.#
#............# #.#
#............# #.#
##############
#.################
#.#...............
#.#...8..(8.......
#.#..........#####


You could see a quokka, 5 jackals and a ball python.

Vanquished Creatures
  A ball python (D:1)
  2 hobgoblins (D:1)
3 creatures vanquished.

Notes
Turn   | Place    | Note
-------+----------+-------------------------------------------
     0 | D:1      | strifetoe the Merfolk Shapeshifter began the quest for the
                  | Orb.
     0 | D:1      | Reached XP level 1. HP: 15/15 MP: 1/1
    11 | D:1      | Noticed an electric eel
   318 | D:1      | Slain by a quokka

Illustrated notes

Levels and vault maps discovered:
D:1:      arrival_aquarium_a, layout_basic, ebering_ecumenical_altar_rust,
          minmay_tetromino_t4

Action                     || total
---------------------------++-------
  Melee: Unarmed           ||    15
         Punch             ||     1
 Armour: Animal skin       ||    14
  Dodge: Dodged            ||    21

Table legend: (Time is in decaauts)
 A = Elapsed time spent in this place.
 B = Non-inter-level travel time spent in this place.
 C = Inter-level travel time spent in this place.
 D = Time resting spent in this place.
 E = Time spent auto-exploring this place.
 F = Levels seen in this place.
 G = Mean time per level.
                   A        B        C        D        E       F      G
               +--------+--------+--------+--------+--------+-----+--------+
         Total |    317 |    317 |      0 |      0 |    277 |   1 |  317.0 |
       Dungeon |    317 |    317 |      0 |      0 |    277 |   1 |  317.0 |
               +--------+--------+--------+--------+--------+-----+--------+

Top non-repeatable levels by time:
     D:1: 317 daAuts
